 Dungeon Crawl Stone Soup version 0.22-a0-580-gd5db89c (webtiles) character file.

66 Amnesiac the Charlatan (level 3, -2/19 HPs)
             Began as a Spriggan Wanderer on July 3, 2018.
             Slain by an iguana (6 damage)
             ... on level 5 of the Dungeon.
             The game lasted 00:05:16 (1914 turns).

Amnesiac the Charlatan (Spriggan Wanderer)          Turns: 1914, Time: 00:05:17

Health: -2/19      AC:  2    Str:  7    XL:     3   Next: 96%
Magic:  3/8        EV: 15    Int: 16    God:
Gold:   11         SH:  0    Dex: 14    Spells: 3/7 levels left

rFire    . . .     SeeInvis +   a - +0 dagger
rCold    . . .     Gourm    .   (shield restricted)
rNeg     . . .     Faith    .   d - +0 robe
rPois    .         Spirit   .   (helmet restricted)
rElec    .         Reflect  .   (no cloak)
rCorr    .         Harm     .   (gloves unavailable)
MR       +....                  (boots unavailable)
Stlth    ++........             (no amulet)
HPRegen  0.06/turn              k - ring of protection from magic
MPRegen  0.11/turn              (no ring)

@: lethally poisoned (-2 -> -5), very slightly contaminated, very quick
A: very small, unfitting armour, see invisible, herbivore, speed 3, slow
metabolism 2
a: no special abilities


You were on level 5 of the Dungeon.
You were not hungry.

You visited 1 branch of the dungeon, and saw 5 of its levels.

You collected 11 gold pieces.

Inventory:

Hand Weapons
 a - a +0 dagger (weapon)
Missiles
 g - 19 sling bullets
Armour
 d - a +0 robe (worn)
Jewellery
 k - a ring of protection from magic (left hand)
Scrolls
 c - 2 scrolls of teleportation {!r}
 e - a scroll of fog {!r, unknown}
 h - 3 scrolls of identify {!r, unknown}
 l - a scroll of remove curse {!r, unknown}
Potions
 b - 4 potions of heal wounds {!q, unknown}
 i - 3 potions of agility {!q, unknown}
 j - a potion of magic {!q, unknown}
 m - a potion of curing {!q, unknown}
Comestibles
 f - 5 rations


   Skills:
 - Level 2.4 Fighting
   Level 1.5 Long Blades
 - Level 1.5 Stealth
 + Level 2.7 Spellcasting
   Level 2.4 Hexes
 + Level 1.9 Translocations
   Level 3.9 Evocations


You had 3 spell levels left.
You knew the following spells:

 Your Spells              Type           Power        Failure   Level  Hunger
a - Apportation           Tloc           #.....       9%          1    #......
e - Teleport Other        Tloc           #.......     26%         3    ###....

Your spell library contained the following spells:

 Spells                   Type           Power        Failure   Level  Hunger


Dungeon Overview and Level Annotations

Branches:
Dungeon (5/15)
 Temple: D:4-7

Altars:
Elyvilon
Uskayaw
Xom

Annotations:
D:3 dig/passwall


Innate Abilities, Weirdness & Mutations

You are very small and have problems with some larger weapons.
You are too small for most types of armour.
You have supernaturally acute eyesight. (SInv)
You are a herbivore.
You cover ground extremely quickly.
You need to consume almost no food.


Message History

Aiming: Teleport Other (safe; 28% risk of failure)
Press: ? - help, Shift-Dir - straight line, f/p - adder
Aim: an adder (chance to defeat MR: 50%)
You miscast Teleport Other.
You are very lightly contaminated with residual magic.
You catch a glimpse of the back of your own head.
Unknown command.
The adder misses you. The adder bites you.
You see here a ration.
f - 5 rations (gained 1)
The adder bites you. The giant cockroach misses you.
The giant cockroach closely misses you.
You swing at nothing.
You hit the adder skeleton but do no damage.
The adder skeleton closely misses you.
You hit the adder skeleton.
The adder skeleton is lightly damaged.
The adder skeleton closely misses you.
You barely miss the adder skeleton.
The adder skeleton is lightly damaged.
The adder skeleton bites you.
You hit the adder skeleton but do no damage.
The adder skeleton is lightly damaged.
The adder skeleton completely misses you.
You hit the adder skeleton but do no damage.
The adder skeleton is lightly damaged.
The adder skeleton bites you but does no damage.
You hit the adder skeleton.
The adder skeleton is moderately damaged.
The adder skeleton misses you.
You hit the adder skeleton.
The adder skeleton is heavily damaged.
The adder skeleton barely misses you.
You hit the adder skeleton.
The adder skeleton is severely damaged.
The adder skeleton bites you but does no damage.
You hit the adder skeleton.
The adder skeleton is almost destroyed.
The adder skeleton bites you.
* * * LOW HITPOINT WARNING * * *
You hit the adder skeleton but do no damage.
The adder skeleton is almost destroyed.
The adder skeleton closely misses you.
You hit the adder skeleton.
The adder skeleton is almost destroyed.
The adder skeleton misses you.
You hit the adder skeleton.
You destroy the adder skeleton!
The adder bites you.
* * * LOW HITPOINT WARNING * * *
You are poisoned.
The adder poisons you!
* * * LOW HITPOINT WARNING * * *
You feel sick.
* * * LOW HITPOINT WARNING * * *
You feel sick.
* * * LOW HITPOINT WARNING * * *
You feel sick.
There is a stone staircase leading down here.
* * * LOW HITPOINT WARNING * * *
You feel sick.
You climb downwards.
The iguana bites you.
You die...

....... #.# #..#....#..
........#.# #..#....+..
#......#.# #.#....#..
.#......#.####......#..
.......##..............
.......##..............
.......................
#+#.l......##.......
#..@.......##>#.....
#######....####.....
+.......l.....
#....########. #......
. #.....## # #####.# .#
.#


You could see an iguana.

Vanquished Creatures
  A hound (D:4)
  An adder (D:3)
  An ooze (D:4)
  An adder skeleton (D:4)
  2 leopard geckos
  An orc (D:4)
  A bat (D:3)
  4 jackals (D:3)
  3 frilled lizards
  A jackal skeleton (D:4)
  2 rats
18 creatures vanquished.

Notes
Turn   | Place    | Note
-------+----------+-------------------------------------------
     0 | D:1      | Amnesiac the Spriggan Wanderer began the quest for the Orb.
     0 | D:1      | Amnesiac set off with: a wand of flame (15), a scroll of teleportation {!r}, a +0 robe, a +0 dagger, a ration
     0 | D:1      | Reached XP level 1. HP: 11/11 MP: 3/3
    17 | D:1      | Learned a level 1 spell: Apportation
   243 | D:3      | Reached skill level 2 in Evocations
   363 | D:3      | Noticed an orc priest
   486 | D:3      | Reached XP level 2. HP: 12/16 MP: 6/6
   499 | D:3      | Reached skill level 3 in Evocations
   825 | D:3      | Found a hide-covered altar of Uskayaw.
  1075 | D:4      | Reached skill level 1 in Translocations
  1075 | D:4      | Reached XP level 3. HP: 13/19 MP: 7/7
  1201 | D:4      | Learned a level 3 spell: Teleport Other
  1687 | D:5      | Entered Level 5 of the Dungeon
  1811 | D:3      | Found a shimmering altar of Xom.
  1811 | D:3      | Found a white marble altar of Elyvilon.
  1914 | D:5      | Slain by an iguana

Vault maps used:
D:1:      dpeg_arrival_rhombus, serial_forest, infiniplex_forest_lined_room_,
          infiniplex_forest_end_double, infiniplex_forest_pool,
          infiniplex_forest_corner_1, infiniplex_forest_end_1,
          infiniplex_forest_lined_room_, infiniplex_forest_straight_2
D:2:      marbit_many_paths
D:3:      lemuel_coloured_pillars_altar, nicolae_overflow_hidden_temple,
          due_unseen_surprise
D:5:      first_ration

Skill      XL: |  1  2 |
---------------+-------+-----
Evocations     | 2 3 |  3.9
Spellcasting   | 2 |  2.7
Translocations | 1 |  1.9
Fighting       | |  2.4
Long Blades    | |  1.5
Stealth        | |  1.5
Hexes          | |  2.4

Action                   || total
-------------------------++-------
Melee: Dagger            ||    86
 Cast: Teleport Other    ||     7
Evoke: Wand              ||    15
 Stab: Sleeping          ||     6
Armor: Robe              ||    16
Dodge: Dodged            ||    85

Table legend:
 A = Spawn XP
 B = Non-spawn XP
 C = Spawn XP percentage of total XP
 D = Spawn monster count
 E = Non-spawn monster count
 F = Spawn count percentage of total count
 G = Total turns spent on level
                    A         B        C        D         E        F      G
               +---------+---------+-------+---------+---------+-------+---------
         Total |       0 |      95 |   0.0 |       0 |      18 |   0.0 |  1914
               +---------+---------+-------+---------+---------+-------+---------
           D:1 |       0 |       4 |   0.0 |       0 |       2 |   0.0 |   108
           D:2 |       0 |       1 |   0.0 |       0 |       1 |   0.0 |   133
           D:3 |       0 |      29 |   0.0 |       0 |      10 |   0.0 |   611
           D:4 |       0 |      61 |   0.0 |       0 |       5 |   0.0 |  1028
               +---------+---------+-------+---------+---------+-------+---------
